 Dungeon Crawl Stone Soup version 0.17.1-2-g5865329 (webtiles) character file.

186 kaze the Ruffian (level 5, -2/53 HPs)
             Began as a Troll Berserker on Jan 28, 2016.
             Was a Believer of Trog.
             Slain by an orc
             ... wielding a +0 trident
              (7 damage)
             ... on level 4 of the Dungeon.
             The game lasted 00:04:06 (857 turns).

kaze the Ruffian (Troll Berserker)                   Turns: 857, Time: 00:04:07

Health: -2/53      AC:  5    Str: 26    XL:     5   Next: 38%
Magic:  4/4        EV: 10    Int:  3    God:    Trog [**....]
Gold:   35         SH:  0    Dex:  9    Spells: 0 memorised, 4 levels left

rFire  . . .     SeeInvis .     l - +0 war axe
rCold  . . .     Clarity  .     a - +0 animal skin
rNeg   . . .     SustAt   .     (no shield)
rPois  .         Gourm    +     (helmet restricted)
rElec  .         Spirit   .     (no cloak)
rCorr  .         Warding  .     (gloves unavailable)
rMut   .         Stasis   .     (boots unavailable)
MR     .....                    (no amulet)
Stlth  +.........               (no ring)
                                (no ring)

@: lethally poisoned (-2 -> -2), not resistant to hostile enchantments, very
unstealthy
A: unfitting armour, claws 3, fast metabolism 3, gourmand, regeneration 2,
shaggy fur 1, tough skin 2
a: Berserk, Trog's Hand, Burn Spellbooks, Renounce Religion


You were on level 4 of the Dungeon.
You worshipped Trog.
Trog was pleased with you.
You were not hungry.

You visited 1 branch of the dungeon, and saw 4 of its levels.

You collected 35 gold pieces.

Inventory:

Hand Weapons
 g - a +0 morningstar
 l - a +0 war axe (weapon)
Armour
 a - a +0 animal skin (worn)
Scrolls
 e - a scroll of magic mapping {unknown}
 h - 2 scrolls of remove curse {unknown}
Potions
 c - a potion of brilliance {unknown}
 d - 2 potions of magic {unknown}
 i - a potion of haste {unknown}
 k - a potion of poison {unknown}
Comestibles
 b - a bread ration
 j - a meat ration


   Skills:
 + Level 3.2 Fighting
 + Level 0.1 Maces & Flails
 + Level 3.8 Dodging
 + Level 0.8 Stealth
 + Level 3.9 Unarmed Combat


You had 4 spell levels left.
You didn't know any spells.

Dungeon Overview and Level Annotations

Branches:
Dungeon (4/15)
 Temple: D:4-7

Altars:
Qazlal
Ru
Yredelemnul
Zin


Innate Abilities, Weirdness & Mutations

You are too large for most types of armour.
You have claws for hands.
Your metabolism is lightning-fast.
You like to eat raw meat.
You heal very quickly.
You are covered in fur (AC +1).
You have very tough skin (AC +2).


Message History

The orc hits you from afar with a trident!
* * * LOW HITPOINT WARNING * * *
The worker ant bites you.
* * * LOW HITPOINT WARNING * * *
You hit the worker ant.
The worker ant is almost dead.
You feel sick.
The orc hits you from afar with a trident.
* * * LOW HITPOINT WARNING * * *
The worker ant completely misses you. The worker ant barely misses you.
The orc hits you but does no damage.
You hit the worker ant.
You kill the worker ant!
Trog accepts your kill.
You feel sick. The orc completely misses you. The orc hits you with a trident.
* * * LOW HITPOINT WARNING * * *
You feel sick. The orc completely misses you.
You closely miss the orc.
You feel sick. The orc hits you with a trident!
You die...

#.#
.#.##..<#.#
#..
........#.#
###
.#.##.#.#.#
..........#
#######.###
#.# #.#
#####.####
##..o@....####
#.............
#..##......###
#. #......# ..
.......# .!
##......# .
......##
##.##.# ... .#


You could see an orc.

Vanquished Creatures
  Terence (D:3)
  An orc wizard (D:4)
  Natasha (D:3)
  An iguana (D:4)
  2 worker ants (D:4)
  An adder (D:3)
  2 worms
  7 orcs
  A goblin (D:2)
  5 hobgoblins
  A ball python (D:4)
  3 bats
  A giant newt (D:2)
  4 kobolds
  3 rats
34 creatures vanquished.

Notes
Turn   | Place    | Note
--------------------------------------------------------------
     0 | D:1      | kaze the Troll Berserker began the quest for the Orb.
     0 | D:1      | Reached XP level 1. HP: 22/22 MP: 0/0
   179 | D:2      | Reached XP level 2. HP: 21/29 MP: 1/1
   233 | D:2      | Found a sacrificial altar of Ru.
   322 | D:2      | Found a stormy altar of Qazlal.
   322 | D:2      | Found a basalt altar of Yredelemnul.
   351 | D:2      | Found a glowing silver altar of Zin.
   453 | D:3      | Reached ** piety under Trog
   470 | D:3      | Reached XP level 3. HP: 13/36 MP: 2/2
   550 | D:3      | Noticed Terence
   556 | D:3      | Killed Terence
   572 | D:3      | Noticed Natasha
   581 | D:3      | Killed Natasha
   581 | D:3      | Reached XP level 4. HP: 42/45 MP: 3/3
   789 | D:4      | Reached XP level 5. HP: 53/53 MP: 4/4
   857 | D:4      | Slain by an orc

Action                   |  1- 3 |  4- 6 || total
-------------------------+-------+-------++-------
Melee: Unarmed           |    50 |       ||    50
       Morningstar       |    11 |    17 ||    28
       War axe           |       |    19 ||    19
Invok: Berserk           |     1 |       ||     1
 Stab: Invisible         |     1 |       ||     1
       Paralysed         |     1 |       ||     1
  Eat: Chunk             |     4 |       ||     4
       Bread ration      |     1 |       ||     1
